 Dungeon Crawl Stone Soup version 0.16-a0-2296-gdce89d5 (webtiles) character file.

86 smajdalf the Ruffian (level 4, -1/36 HPs)
             Began as a Ghoul Warper on Nov 16, 2014.
             Slain by Crazy Yiuf
             ... wielding a +2 quarterstaff of chaos
              (8 damage)
             ... while paralysed by Crazy Yiuf
             ... on level 2 of the Dungeon.
             The game lasted 00:08:07 (3158 turns).

smajdalf the Ruffian (Ghoul Warper)                 Turns: 3158, Time: 00:08:07

Health: -1/36      AC:  5    Str: 14    XL:     4   Next: 49%
Magic:  5/5        EV:  2    Int: 14    God:
Gold:   82         SH:  0    Dex:  8    Spells: 1 memorised, 5 levels left

rFire  . . .     SeeInvis .       - Unarmed
rCold  + . .     Clarity  .     b - +1 leather armour
rNeg   + + +     SustAb   .     (no shield)
rPois  +         Gourm    .     (no helmet)
rElec  .         Spirit   .     (no cloak)
rCorr  .         Warding  .     (no gloves)
rMut   .         Stasis   .     l - +0 pair of boots
MR     .....                    f - amulet of inaccuracy (curse)
Stlth  ++........               (no ring)
                                k - ring of stealth

@: paralysed, brilliant, very slightly contaminated, rotting, invisible, not
resistant to hostile enchantments, unstealthy
A: rotting body, claws 1, carnivore 3, cold resistance 1, negative energy
resistance 3, poison resistance, slow healing 1, torment resistance, unbreathing
a: no special abilities


You were on level 2 of the Dungeon.
You were not hungry.

You visited 1 branch of the dungeon, and saw 2 of its levels.

You collected 82 gold pieces.

Inventory:

Missiles
 e - 5 tomahawks of dispersal (quivered)
Armour
 b - a +1 leather armour (worn)
 l - a +0 pair of boots (worn)
Jewellery
 f - a cursed amulet of inaccuracy (around neck)
 k - a ring of stealth (left claw)
Scrolls
 d - 2 scrolls of blinking
 g - 2 scrolls of teleportation
Books
 c - a book of Spatial Translocations

   Spells                             Type                      Level
   *Apportation                       Translocation                1
   Blink                              Translocation                2
   Shroud of Golubria                 Charms/Translocation         2
   Portal Projectile                  Translocation                3
   Teleport Other                     Translocation                3
   Passage of Golubria                Translocation                4
Comestibles
 a - 2 meat rations


   Skills:
 - Level 2.1 Fighting
 - Level 0.8 Throwing
 - Level 0.8 Armour
 - Level 1.7 Dodging
 + Level 5.0 Unarmed Combat
 - Level 1.7 Spellcasting
 - Level 2.6 Translocations


You had 5 spell levels left.
You knew the following spells:

 Your Spells              Type           Power        Failure   Level  Hunger
a - Apportation           Tloc           ###.......   1%          1    ##.....


Dungeon Overview and Level Annotations

Branches:
Dungeon (2/15)

Altars:
Dithmenos
Qazlal

Annotations:
D:2 Crazy Yiuf


Innate Abilities, Weirdness & Mutations

Your body is rotting away.
You thrive on raw meat.
You have sharp fingernails.
You are carnivorous and can eat meat at any time.
Your flesh is cold resistant.
You are immune to negative energy.
Your system is resistant to poisons.
You heal slowly when monsters are visible.
You are immune to unholy pain and torment.
You can survive without breathing.


Message History

You closely miss Crazy Yiuf.
Crazy Yiuf is heavily wounded.
Crazy Yiuf closely misses you.
You closely miss Crazy Yiuf.
Crazy Yiuf is heavily wounded.
You scratch Crazy Yiuf.
Crazy Yiuf is severely wounded.
Crazy Yiuf drinks a potion.
Crazy Yiuf is healed!
You barely miss Crazy Yiuf.
Crazy Yiuf hits you with a quarterstaff of chaos.
You scratch Crazy Yiuf.
Crazy Yiuf is lightly wounded.
Crazy Yiuf hits you with a quarterstaff of chaos.
You suddenly lose the ability to move!
Crazy Yiuf hits you with a quarterstaff of chaos!
* * * LOW HITPOINT WARNING * * *
You fade into invisibility!
You are very lightly contaminated with residual magic.
Crazy Yiuf hits you with a quarterstaff of chaos!
You die...

###########.# ##....#
##
............#####...###
.##########..........#
.# ############ .#
.##############
##########
............#.### ###
#.........
.#####.......#..##...#
########## .#
#......####@g...# #..#
##### .# ##....##
###..)# ##.# #.... .#
###### ### #.# #.### .#
#.# #.# .# #.# #.# .#
#### #.###.# .# #..#
#...#.# .# #..#
##...#.# .#
#..####.#..#.###


You could see Crazy Yiuf (bleeding).

Vanquished Creatures
  3 adders (D:2)
  2 worms (D:2)
  2 oozes
  2 ball pythons (D:1)
  6 bats
  4 hobgoblins
  5 kobolds
  A quokka (D:2)
  2 giant cockroaches
  4 giant newts
  8 goblins
  7 rats
46 creatures vanquished.

Notes
Turn   | Place    | Note
--------------------------------------------------------------
     0 | D:1      | smajdalf, the Ghoul Warper, began the quest for the Orb.
     0 | D:1      | Reached XP level 1. HP: 17/17 MP: 2/2
   207 | D:1      | Reached XP level 2. HP: 8/24 MP: 3/3
   216 | D:1      | Reached skill level 3 in Unarmed Combat
  1286 | D:1      | Reached XP level 3. HP: 25/28 MP: 5/5
  1562 | D:2      | Reached skill level 4 in Unarmed Combat
  2290 | D:2      | Reached XP level 4. HP: 18/36 MP: 5/5
  2431 | D:2      | Found a shadowy altar of Dithmenos.
  2622 | D:2      | Reached skill level 5 in Unarmed Combat
  2795 | D:2      | Found a stormy altar of Qazlal.
  3141 | D:2      | Noticed Crazy Yiuf
  3156 | D:2      | Paralysed by Crazy Yiuf for 7 turns
  3158 | D:2      | Slain by Crazy Yiuf

Action                   |  1- 3 |  4- 6 || total
-------------------------+-------+-------++-------
Melee: Unarmed           |   197 |    98 ||   295
  Use: Scroll            |     3 |     1 ||     4
       Potion            |       |     3 ||     3
 Stab: Sleeping          |       |     1 ||     1
  Eat: Chunk             |    22 |     6 ||    28
